 Dungeon Crawl Stone Soup version 0.22-a0-307-g2b15929 (webtiles) character file.

135965 sankara the Fighter (level 16, -13/131 HPs)
             Began as a Demonspawn Gladiator on Mar 26, 2018.
             Was the Champion of Okawaru.
             Killed from afar by Nikola (19 damage)
             ... with a chain lightning
             ... on level 1 of the Spider Nest on Apr 1, 2018.
             The game lasted 03:17:53 (42992 turns).

sankara the Fighter (Demonspawn Gladiator)         Turns: 42992, Time: 03:17:55

Health: -13/131    AC: 22    Str: 20    XL:     16   Next: 65%
Magic:  0/32       EV: 16    Int: 15    God:    Okawaru [******]
Gold:   1119       SH: 14    Dex: 16    Spells: 11/18 levels left

rFire    + + +     SeeInvis .   A - +5 flail "Ultimatum" {flame, +Inv rPois MP+9 Str-2}
rCold    + + .     Gourm    .   I - +3 shield of the Sun {Int+2}
rNeg     + + .     Faith    .   z - +2 ring mail of Zonakugh {rF+ rC+ rN+}
rPois    +         Spirit   +   w - +0 helmet of Zohux {rF++ rN+}
rElec    .         Reflect  .   C - +2 cloak
rCorr    +         Harm     .   D - +0 pair of gloves
MR       ++...                  Q - +1 pair of boots {Fly}
Stlth    +++.......             E - amulet of guardian spirit {Spirit}
HPRegen  0.31/turn              s - ring of resist corrosion
MPRegen  0.23/turn              t - ring "Mookhemi" {Wiz MR+}

@: mighty, about to teleport, flying
A: claws 2, icy blue scales 3, demonic guardian 2, powered by pain 2
a: Heroism, Finesse, Renounce Religion, Evoke Invisibility, Stop Flying


You were on level 1 of the Spider Nest.
You worshipped Okawaru.
Okawaru was exalted by your worship.
You were not hungry.

You visited 6 branches of the dungeon, and saw 29 of its levels.
You also visited: Labyrinth and Ice Cave.

You collected 3065 gold pieces.
You spent 1946 gold pieces at shops.

Inventory:

Hand Weapons
 a - a +6 demon whip of electrocution
   (You took it off a gelid demonspawn on level 2 of the Orcish Mines)
 b - the +11 dagger "Haxzierpho" {pain, rF+ Dex+4}
   (You bought it in a shop on level 2 of the Orcish Mines)

   In the hands of one skilled in necromantic magic, it inflicts extra damage on
   living creatures.
   It affects your dexterity (+4).
   It protects you from fire.
 A - the +5 flail "Ultimatum" (weapon) {flame, +Inv rPois MP+9 Str-2}
   (You found it on level 8 of the Dungeon)

   It has been specially enchanted to burn those struck by it, causing extra
   injury to most foes and up to half again as much damage against particularly
   susceptible opponents.
   It affects your strength (-2).
   It protects you from poison.
   It affects your magic capacity (+9).
   It lets you turn invisible.
Missiles
 k - 40 sling bullets
 n - 14 tomahawks
 v - 4 throwing nets {=f, !d}
 R - 7 javelins of penetration
 U - 6 curare-tipped needles
 V - 8 javelins of returning (quivered)
Armour
 g - a scarf of repulsion
   (You found it on level 14 of the Dungeon)
 w - the +0 helmet of Zohux (worn) {rF++ rN+}
   (You bought it in a shop on level 2 of the Orcish Mines)

   It greatly protects you from fire.
   It protects you from negative energy.
 z - the +2 ring mail of Zonakugh (worn) {rF+ rC+ rN+}
   (You bought it in a shop on level 2 of the Orcish Mines)

   It protects you from fire.
   It protects you from cold.
   It protects you from negative energy.
 C - a +2 cloak (worn)
   (You took it off Crazy Yiuf on level 4 of the Dungeon)
 D - a +0 pair of gloves (worn)
   (You found it on level 2 of the Lair of Beasts)
 I - the +3 shield of the Sun (worn) {Int+2}
   (Okawaru gifted it to you on level 14 of the Dungeon)

   It affects your intelligence (+2).
 Q - a +1 pair of boots of flying (worn)
   (Okawaru gifted it to you on level 4 of the Lair of Beasts)
Jewellery
 s - a ring of resist corrosion (left hand)
   (You found it on level 7 of the Dungeon)
 t - the ring "Mookhemi" (right hand) {Wiz MR+}
   (You found it on level 3 of the Lair of Beasts)

   [ring of wizardry]

   It improves your spell success rate.
   It affects your resistance to hostile enchantments.
 E - an amulet of guardian spirit (around neck) {Spirit}
   (You found it on level 5 of the Dungeon)
 T - the ring of Vecs {rF+ Str+6}
   (You found it on level 6 of the Lair of Beasts)

   [ring of protection from fire]

   It affects your strength (+6).
   It protects you from fire.
 Z - a +4 ring of intelligence
   (You found it on level 2 of the Swamp)
Wands
 o - a wand of scattershot (4)
   (You found it on level 4 of the Lair of Beasts)
 r - a wand of iceblast (24)
   (You found it on level 5 of the Lair of Beasts)
 y - a wand of flame (105)
   (You took it off Ijyb on level 3 of the Dungeon)
 H - a wand of acid (24)
   (You found it on level 13 of the Dungeon)
 N - a wand of paralysis (25)
   (You found it on level 7 of the Dungeon)
 O - a wand of digging (14)
   (You found it on level 11 of the Dungeon)
 W - a wand of enslavement (10)
   (You found it in a labyrinth)
 X - a wand of clouds (6)
   (You found it on level 1 of the Spider Nest)
Scrolls
 h - a scroll of magic mapping {!r}
 i - 11 scrolls of identify
 j - a scroll of silence
 q - 5 scrolls of teleportation
 u - 12 scrolls of remove curse
 J - 4 scrolls of blinking {!r}
 K - a scroll of fog
Potions
 d - a potion of cancellation
 e - 6 potions of resistance
 l - a potion of magic
 m - 3 potions of might
 x - 11 potions of curing
 B - a potion of agility
 F - 2 potions of heal wounds
 G - 2 potions of berserk rage {!q}
 L - 5 potions of invisibility
 M - 2 potions of haste
Miscellaneous
 c - a lightning rod (4/4)
   (You found it in an ice cave)
 S - a phial of floods
   (You found it in a labyrinth)
 Y - 3 phantom mirrors
Comestibles
 f - 65 rations


   Skills:
 + Level 13.5 Fighting
 + Level 5.7 Short Blades
 - Level 12.1 Maces & Flails
 - Level 10.0 Throwing
 - Level 10.0 Armour
 - Level 10.0 Dodging
 + Level 6.7 Stealth
 + Level 6.4 Shields
 + Level 1.5 Spellcasting
 - Level 2.1 Hexes
 + Level 9.1 Necromancy
 - Level 2.0 Ice Magic
 - Level 10.0 Invocations
 - Level 2.0 Evocations


You had 11 spell levels left.
You knew the following spells:

 Your Spells              Type           Power        Failure   Level  Hunger
a - Borgnjor's Vile Clut  Necr/Erth      ##........   86%         5    ######.
b - Ensorcelled Hibernat  Hex/Ice        #.....       26%         2    ###....


Dungeon Overview and Level Annotations

Branches:
Dungeon (15/15)            Temple (1/1) D:5            Lair (6/6) D:11
  Swamp (3/4) Lair:4       Spider (2/4) Lair:3        Slime (0/5) Lair:6
    Orc (2/2) D:12            Elf (0/3) Orc:2        Vaults (0/5) D:14
 Depths (0/5) D:15

Altars:
Ashenzari
Cheibriados
Dithmenos
Elyvilon
Fedhas
Gozag
Hepliaklqana
Kikubaaqudgha
Makhleb
Nemelex Xobeh
Okawaru
Qazlal
Ru
Sif Muna
Trog
Uskayaw
Vehumet
Wu Jian
Xom
Yredelemnul
Zin
The Shining One
Beogh
Jiyva

Shops:
D:5 !   D:6 !   D:9 *   D:12 *   Orc:2 *[*}

Portals:
Pandemonium: Orc:2

Annotations:
D:4 Edmund
Spider:1 Nikola
Spider:2 exclusion: Roxanne, Roxanne
Orc:2 maybe buy the pain dagger and become a stabber


Innate Abilities, Weirdness & Mutations

You have very sharp fingernails.
You are completely covered in icy blue scales. (AC +4, rC+)
A demonic guardian rushes to your aid.
You sometimes gain power by taking damage.


Message History

* * * LOW HITPOINT WARNING * * *
You focus on the pain.
You feel agile all of a sudden.
You hit the redback but do no damage. The redback bites you!
* * * LOW HITPOINT WARNING * * *
The redback bites you.
* * * LOW HITPOINT WARNING * * *
Your sixfirhy hits the redback!
Your sixfirhy shocks the redback!
Your sixfirhy hits the redback.
Your sixfirhy shocks the redback!
The redback dies!
Okawaru accepts your kill.
You swap places.
There is a stone staircase leading up, spattered with blood here.
You see here a redback corpse.
You start resting.
Your sixfirhy disappears in a puff of smoke!
You are no longer corroded.
You start resting.
You feel a little less agile now.
You start resting.
You fly upwards.
Level annotation: Nikola
There is a stone staircase leading down here.
You start resting.
Magic restored.
Nikola is caught in a web!
Evoke which item? (* to show all) (? for menu, Esc to quit)
You reach into the bag... ...but nothing happens.
Nikola shouts!
Nikola struggles to get unstuck from the web.
Put on which piece of jewellery? (? for menu, Esc to quit)
Okay, then.
Evoke which item? (* to show all) (? for menu, Esc to quit)
You reach into the bag... ...but nothing happens.
Nikola gestures wildly while chanting.
Nikola blinks!
Evoke which item? (* to show all) (? for menu, Esc to quit)
You reach into the bag... ...and things crawl out!
The now-empty bag unravels in your hand.
Evoke which item? (* to show all) (? for menu, Esc to quit)
Okay, then.
What are your orders? t - Shout!
Orders for allies: a - Attack new target. r - Retreat! s - Stop attacking. g - Guard the area. f - Follow me.
Anything else - Cancel.
Gang up on whom?
Press: ? - help, Dir - move target cursor, f - Nikola
Aim: Nikola, wielding a rapier of electrocution, wearing a cloak and wearing a pair of gloves Attack!
Nikola casts a spell.
Nikola blinks!
Nikola mumbles some strange words.
Nikola blinks!
Nikola gestures wildly while chanting.
You hear a mighty clap of thunder!
The lightning arc hits your sixfirhy.
Your sixfirhy completely resists.
The lightning arc hits you!
You focus on the pain.
You feel your power returning. The lightning arc hits your sixfirhy.
Your sixfirhy completely resists.
The lightning arc hits you!
You focus on the pain.
You feel your power returning. The lightning arc hits your sixfirhy.
Your sixfirhy completely resists.
The lightning arc hits you!
You focus on the pain.
You feel very mighty all of a sudden.
You hear a hideous shriek!
You hit Nikola. You burn Nikola.
Nikola is lightly wounded.
Nikola gestures wildly while chanting.
You hear a mighty clap of thunder!
The lightning arc hits you!
* * * LOW HITPOINT WARNING * * *
You focus on the pain.
You feel your power returning.
The lightning arc hits your soldier ant.
The lightning arc hits Nikola.
The lightning arc hits you!
* * * LOW HITPOINT WARNING * * *
The lightning arc hits your soldier ant.
Your soldier ant dies!
Your soldier ant's corpse disappears in a puff of smoke!
Okay, then.
As you read the scroll of teleportation, it crumbles to dust.
You feel strangely unstable.
Your sixfirhy barely misses Nikola.
Your sixfirhy hits Nikola.
Your sixfirhy shocks Nikola!
You block Nikola's attack.
Your sixfirhy misses Nikola. Your sixfirhy hits Nikola!
Your sixfirhy shocks Nikola!
Your sixfirhy hits Nikola but does no damage.
Your sixfirhy barely misses Nikola.
Nikola gestures wildly while chanting.
You hear a mighty clap of thunder!
The lightning arc hits your sixfirhy.
Your sixfirhy completely resists.
The lightning arc hits you!
* * * LOW HITPOINT WARNING * * *
The lightning arc hits Nikola.
The lightning arc hits your sixfirhy.
Your sixfirhy completely resists.
The lightning arc hits you!
You die...

.#..#....###...#..#..#..#
.#....##..####...##....##
...#...#..#.#....###..##
...#.######...####^....#
######..#.#..###.#..#####
[.# #...#......#..#...=.#
.## ###....##..#.3..#..##
..###.#..#..####>.@...##
.##.#...#####...@##....#
..#.......#.#.....#######
...#..####....##.##...#.#
...#..#..##^).###.......#
##......##..#....^.###.##
....#.......#...####....#
#.###..#..#######.#..####
...#...#.....#....#...#
..##.###.#..##......####


You could see Nikola and a friendly sixfirhy.

Vanquished Creatures
  Rupert (Lair:4)
  Gastronok (Lair:1)
  Agnes (D:14)
  A thorn hunter (Swamp:3)
  A frost giant (D:15)
  Nessos (Lair:6)
  A dire elephant (Lair:3)
  5 vault guards (D:14)
  2 ogre magi
  10 hydras
  2 centaur warriors
  A death knight (D:15)
  A ghost crab (Swamp:2)
  4 two-headed ogres
  9 alligators
  A catoblepas (Lair:6)
  An orc high priest (Orc:2)
  2 death yaks (Lair:6)
  A sun demon (Orc:2)
  Nergalle (Lair:4)
  6 unseen horrors
  2 gelid demonspawn (Orc:2)
  A spriggan druid (Swamp:3)
  5 swamp dragons (Swamp:1)
  A shambling mangrove (Swamp:1)
  2 orb spiders (Spider:1)
  2 deep elf magi
  5 wolf spiders
  3 orc knights (Orc:2)
  7 orc sorcerers
  11 slime creatures
  21 ugly things
  2 manticores (Lair:6)
  6 cyclopes
  13 elephants
  3 black mambas
  A centaur zombie (D:12)
  A gargoyle (D:14)
  12 spiny frogs
  A minotaur zombie (Lab)
  3 torpor snails (Spider:1)
  2 ice statues (IceCv)
  An ice devil (Orc:2)
  2 yaktaurs
  3 demonic crawlers
  4 komodo dragons
  The ghost of Torious the Conjurer, a novice DECj of Sif Muna (D:5)
  3 meliai (D:12)
  A queen bee (D:12)
  4 trolls
  2 jumping spiders (Spider:1)
  A polar bear (Lair:6)
  10 hornets
  10 bog bodies
  8 hippogriffs
  4 blink frogs
  8 redbacks
  5 spriggans
  A centaur simulacrum (D:13)
  A vampire (D:14)
  4 shadows
  34 yaks
  5 tarantellas
  A fire bat (D:11)
  4 wyverns
  A human (D:14)
  A chaos spawn (Orc:2)
  A basilisk (D:11)
  3 hungry ghosts
  15 vampire mosquitoes
  2 wargs (Orc:2)
  4 insubstantial wisps (Swamp:3)
  15 water moccasins
  8 porcupines
  2 soldier ants (D:15)
  16 swamp worms
  4 swamp drakes (Swamp:2)
  Purgy (D:3)
  26 orc warriors
  A black bear (D:9)
  16 ice beasts
  4 sky beasts
  9 ogres
  2 phantoms
  2 eyes of draining
  4 necrophages (Swamp:2)
  11 wolves
  9 centaurs
  14 crocodiles
  A big kobold (D:12)
  22 bullfrogs
  A gnoll sergeant (D:7)
  2 scorpions
  23 killer bees
  10 wights
  3 vampire bats (D:11)
  3 howler monkeys (D:11)
  2 electric eels
  3 crimson imps
  3 hounds (D:9)
  2 quasits
  Crazy Yiuf (D:4)
  A bullfrog skeleton (D:10)
  5 jellies
  16 orc priests
  23 orc wizards
  6 centaur skeletons
  Natasha (D:4)
  An iguana (D:5)
  10 worker ants
  2 hell rats (D:11)
  A hound zombie (D:7)
  A worker ant zombie (D:5)
  Robin (D:3)
  3 gnolls
  11 adders
  A howler monkey skeleton (D:8)
  4 river rats (D:11)
  4 shadow imps
  8 oozes
  2 adder skeletons
  7 worms
  5 dart slugs
  5 leopard geckos
  98 orcs
  8 giant cockroaches
  15 goblins
  15 hobgoblins
  23 jackals
  5 quokkas
  10 bats
  4 frilled lizards (D:1)
  A giant cockroach zombie (D:6)
  A jackal skeleton (D:5)
  6 kobolds
  A leopard gecko skeleton (D:2)
  12 rats
  A briar patch (Swamp:3)
  A plant (Lair:1)
840 creatures vanquished.

Vanquished Creatures (collateral kills)
  The ghost of whitenoisemaker the Brawler, a journeyman TrMo of the Shining One (Orc:1)
  A ghoul (Swamp:2)
  An entropy weaver (Spider:2)
  A minotaur (Lab)
  Snorg (Lair:4)
  3 hydras
  Harold (Lair:1)
  2 catoblepae (Lair:6)
  A centaur warrior (D:13)
  Erica (Lair:1)
  An alligator (Swamp:2)
  5 two-headed ogres
  2 death yaks (Lair:6)
  2 orc high priests (Orc:2)
  A spriggan (Swamp:3)
  An orc knight (Orc:2)
  A gelid demonspawn (Orc:2)
  2 orc sorcerers (Orc:2)
  A wolf spider (Spider:1)
  An ugly thing (D:15)
  4 oklob plants (Lair:1)
  2 orb spiders (Spider:1)
  A manticore (D:11)
  A cyclops (D:14)
  A black mamba (Lair:4)
  A centaur zombie (D:11)
  6 elephants
  A smoke demon (Orc:2)
  A spiny frog (Lair:1)
  A demonic crawler (Spider:1)
  2 jumping spiders
  2 hornets
  5 blink frogs
  2 hippogriffs
  A slime creature (D:11)
  A shadow (D:13)
  A tarantella (Spider:2)
  2 redbacks (Spider:2)
  16 yaks
  A ynoxinul (Orc:2)
  4 vampire mosquitoes
  2 swamp worms
  A porcupine (Lair:1)
  A sky beast (D:7)
  6 orc warriors
  A phantom (D:5)
  5 ice beasts
  7 wolves
  4 ogres
  A centaur (D:7)
  2 bullfrogs
  Blork the orc (D:4)
  A scorpion (D:4)
  3 killer bees (D:9)
  3 wights (D:11)
  3 orc priests (Orc:2)
  2 jellies (D:11)
  2 orc wizards
  Ijyb (D:3)
  An iguana (D:7)
  3 worker ants
  A gnoll (D:8)
  A shadow imp (D:9)
  An ooze (D:11)
  2 orcs
141 creatures vanquished.

Vanquished Creatures (others)
  A komodo dragon (Lair:1)
  2 water moccasins
  A crimson imp (D:14)
  67 fungi
  35 plants
106 creatures vanquished.

Grand Total: 1087 creatures vanquished

Notes
Turn   | Place    | Note
-------+----------+-------------------------------------------
     0 | D:1      | sankara the Demonspawn Gladiator began the quest for the Orb.
     0 | D:1      | Reached XP level 1. HP: 16/16 MP: 1/1
     9 | D:1      | Reached skill level 3 in Maces & Flails
   112 | D:1      | Gained mutation: You sometimes gain a little power by taking damage. [demonic ancestry]
   112 | D:1      | Reached XP level 2. HP: 17/22 MP: 2/2
   813 | D:1      | Reached XP level 3. HP: 27/27 MP: 3/3
   881 | D:1      | Reached skill level 4 in Maces & Flails
  1798 | D:2      | Gained mutation: A weak demonic guardian rushes to your aid. [demonic ancestry]
  1798 | D:2      | Reached XP level 4. HP: 33/33 MP: 4/4
  2536 | D:3      | Found a snail-covered altar of Cheibriados.
  2759 | D:3      | Reached skill level 5 in Maces & Flails
  2769 | D:3      | HP: 6/33 [orc/short sword (4)]
  3147 | D:3      | HP: 4/33 [orc/wand of flame (33) (7)]
  3547 | D:3      | Noticed Ijyb
  3551 | D:3      | Gained mutation: You have sharp fingernails. [demonic ancestry]
  3551 | D:3      | Reached XP level 5. HP: 30/38 MP: 5/5
  3560 | D:3      | Killed Ijyb
  3560 | D:3      | Reached skill level 1 in Armour
  4336 | D:4      | Noticed Edmund
  4557 | D:4      | Noticed Purgy
  4577 | D:3      | Killed Purgy
  4779 | D:4      | Noticed Robin
  4796 | D:4      | Reached skill level 6 in Maces & Flails
  4892 | D:4      | Noticed a sky beast
  4905 | D:4      | Killed a sky beast
  4905 | D:4      | Gained mutation: You are partially covered in icy blue scales. (AC +2) [demonic ancestry]
  4905 | D:4      | Reached XP level 6. HP: 30/44 MP: 6/6
  5228 | D:4      | Found a runed door.
  5484 | D:3      | Killed Robin
  5777 | D:4      | Noticed Blork the orc
  5787 | D:4      | Killed Blork the orc
  5897 | D:4      | Reached skill level 7 in Maces & Flails
  5897 | D:4      | Reached XP level 7. HP: 35/51 MP: 7/7
  6319 | D:4      | Noticed Natasha
  6336 | D:4      | Killed Natasha
  6567 | D:4      | Noticed Crazy Yiuf
  6579 | D:4      | Killed Crazy Yiuf
  6579 | D:4      | Reached skill level 2 in Armour
  6659 | D:5      | Entered Level 5 of the Dungeon
  6670 | D:5      | Reached skill level 3 in Fighting
  6796 | D:5      | Noticed Torious's ghost (novice DECj)
  6810 | D:5      | Killed Torious's ghost
  6810 | D:5      | Reached skill level 3 in Armour
  6846 | D:5      | Found a staircase to the Ecumenical Temple.
  6913 | Temple   | Entered the Ecumenical Temple
  7067 | Temple   | Became a worshipper of Warmaster Okawaru
  7322 | D:5      | Gained mutation: You sometimes gain power by taking damage. [demonic ancestry]
  7322 | D:5      | Reached XP level 8. HP: 58/58 MP: 8/8
  7600 | D:5      | Reached skill level 1 in Invocations
  7749 | D:5      | Found Omyfroc's Distillery.
  7757 | D:5      | Bought a potion of degeneration for 15 gold pieces
  7757 | D:5      | Bought a potion of heal wounds for 75 gold pieces
  7960 | D:5      | Reached skill level 2 in Invocations
  8232 | D:6      | Reached skill level 8 in Maces & Flails
  8250 | D:6      | Reached skill level 4 in Fighting
  8291 | D:6      | Reached skill level 3 in Invocations
  8742 | D:6      | Found a blossoming altar of Fedhas.
  8742 | D:6      | Found a basalt altar of Yredelemnul.
  8795 | D:6      | Found Kerph's Distillery.
  8809 | D:6      | Bought 2 potions of mutation for 224 gold pieces
  8884 | D:6      | Reached skill level 4 in Invocations
  8944 | D:7      | Reached * piety under Okawaru
  9199 | D:7      | Reached skill level 5 in Fighting
  9352 | D:7      | Reached skill level 5 in Invocations
  9393 | D:7      | Gained mutation: You are mostly covered in icy blue scales. (AC +3) [demonic ancestry]
  9393 | D:7      | Reached XP level 9. HP: 37/68 MP: 10/12
  9618 | D:7      | Reached skill level 9 in Maces & Flails
  9958 | D:7      | Found a glowing golden altar of the Shining One.
 10450 | D:8      | Reached ** piety under Okawaru
 10878 | D:8      | Got an ancient flail
 10879 | D:8      | Identified the +5 flail "Ultimatum" {flame, +Inv rPois MP+9 Str-2} (You found it on level 8 of the Dungeon)
 10961 | D:8      | Reached skill level 6 in Fighting
 10964 | D:8      | Reached skill level 1 in Shields
 11019 | D:8      | Found a roughly hewn altar of Beogh.
 11145 | D:8      | Found a stormy altar of Qazlal.
 11185 | D:8      | Found a shadowy altar of Dithmenos.
 11202 | D:8      | Found an opulent altar of Gozag.
 11205 | D:8      | Found a snail-covered altar of Cheibriados.
 11475 | D:9      | Noticed a two-headed ogre
 11573 | D:9      | Killed a two-headed ogre
 11573 | D:9      | Reached *** piety under Okawaru
 11573 | D:9      | Reached skill level 2 in Shields
 11573 | D:9      | Reached skill level 6 in Invocations
 11756 | D:9      | Noticed a two-headed ogre
 11759 | D:9      | Noticed a two-headed ogre
 11763 | D:9      | Killed a two-headed ogre
 11763 | D:9      | Reached **** piety under Okawaru
 11763 | D:9      | Reached skill level 7 in Fighting
 11763 | D:9      | Reached skill level 10 in Maces & Flails
 11763 | D:9      | Reached skill level 3 in Shields
 11763 | D:9      | Gained mutation: A demonic guardian rushes to your aid. [demonic ancestry]
 11763 | D:9      | Reached XP level 10. HP: 64/79 MP: 15/15
 11769 | D:9      | Killed a two-headed ogre
 11769 | D:9      | Reached skill level 7 in Invocations
 11846 | D:9      | Reached ***** piety under Okawaru
 11945 | D:9      | Reached skill level 2 in Throwing
 12266 | D:9      | Reached skill level 4 in Shields
 12424 | D:9      | Found Kiaqumot's Assorted Antiques.
 12744 | D:10     | Entered Level 10 of the Dungeon
 12921 | D:10     | Reached skill level 8 in Invocations
 12934 | D:10     | Reached skill level 8 in Fighting
 12934 | D:10     | Reached skill level 3 in Throwing
 13136 | D:10     | Received a gift from Okawaru
 13137 | D:10     | Got an ebony dire flail {god gift}
 13147 | D:10     | Identified the +8 dire flail of Fate {antimagic, Str+6} (Okawaru gifted it to you on level 10 of the Dungeon)
 13433 | D:10     | Noticed a six-headed hydra
 13440 | D:10     | Killed a six-headed hydra
 13488 | D:10     | You fall through a shaft for 3 floors!
 13488 | D:13     | Noticed a six-headed hydra
 13496 | D:13     | Killed a six-headed hydra
 13496 | D:13     | Reached XP level 11. HP: 70/87 MP: 12/17
 13531 | D:13     | Found a labyrinth entrance.
 13541 | Lab      | Entered a labyrinth
 14006 | Lab      | Noticed a minotaur
 14016 | Lab      | Killed a minotaur
 14016 | Lab      | Reached skill level 4 in Throwing
 14161 | Lab      | HP: 15/87 [minotaur zombie (13)]
 14169 | Lab      | Reached skill level 1 in Stealth
 14169 | Lab      | Reached skill level 9 in Invocations
 14169 | Lab      | Reached skill level 1 in Evocations
 14438 | D:13     | Noticed a two-headed ogre
 14442 | D:13     | Killed a two-headed ogre
 14739 | D:11     | Reached skill level 11 in Maces & Flails
 15524 | D:10     | Paralysed by fainting for 6 turns
 15698 | D:11     | Killed an unseen horror
 15698 | D:11     | Reached skill level 9 in Fighting
 15948 | D:11     | Found a staircase to the Lair.
 15951 | D:11     | Received a gift from Okawaru
 15955 | D:11     | Reached skill level 5 in Throwing
 15987 | D:11     | Reached skill level 10 in Invocations
 16100 | D:11     | Reached skill level 4 in Armour
 16370 | D:11     | Killed an unseen horror
 16576 | D:11     | Reached ****** piety under Okawaru
 16576 | D:11     | Received a gift from Okawaru
 16577 | D:11     | Got a polished broad axe {god gift}
 16578 | D:11     | Identified the +7 broad axe of Wuygits {chop, *Corrode Str+2 Int+2 Dex+2} (Okawaru gifted it to you on level 11 of the Dungeon)
 16631 | D:11     | Killed an unseen horror
 17019 | D:11     | Reached skill level 5 in Armour
 17033 | D:11     | Reached XP level 12. HP: 36/97 MP: 12/19
 17509 | Lair:1   | Entered Level 1 of the Lair of Beasts
 17509 | Lair:1   | Noticed Harold
 17522 | Lair:1   | Killed Harold
 17544 | Lair:1   | Reached skill level 10 in Fighting
 17800 | Lair:1   | Received a gift from Okawaru
 18007 | Lair:1   | Noticed Gastronok
 18022 | Lair:1   | Killed Gastronok
 18022 | Lair:1   | Received a gift from Okawaru
 18022 | Lair:1   | Reached skill level 12 in Maces & Flails
 18022 | Lair:1   | Reached skill level 6 in Armour
 18140 | Lair:1   | Reached skill level 7 in Armour
 18218 | Lair:1   | Noticed Erica
 18259 | Lair:1   | Killed Erica
 18259 | Lair:1   | Received a gift from Okawaru
 18534 | Lair:1   | Reached skill level 8 in Armour
 18551 | Lair:1   | Reached skill level 3 in Dodging
 18623 | Lair:1   | Reached skill level 2 in Evocations
 18656 | Lair:1   | Reached skill level 2 in Stealth
 19045 | Lair:2   | Received a gift from Okawaru
 19046 | Lair:2   | Got an encrusted dire flail {god gift}
 19050 | Lair:2   | Identified the +9 dire flail "Wuurchoir" {crush, rC++ Str+2 Int+6} (Okawaru gifted it to you on level 2 of the Lair of Beasts)
 19278 | Lair:2   | Reached skill level 4 in Dodging
 20150 | Lair:3   | Reached skill level 9 in Armour
 20150 | Lair:3   | Reached skill level 5 in Dodging
 20150 | Lair:3   | Gained mutation: You are completely covered in icy blue scales. (AC +4, rC+) [demonic ancestry]
 20150 | Lair:3   | Reached XP level 13. HP: 77/103 MP: 20/20
 20453 | Lair:3   | Received a gift from Okawaru
 20694 | Lair:3   | Found a hole to the Spider Nest.
 20749 | Lair:3   | Got a shimmering ivory ring
 20750 | Lair:3   | Identified the ring "Mookhemi" {Wiz MR+} (You found it on level 3 of the Lair of Beasts)
 20961 | Lair:3   | Reached skill level 6 in Dodging
 20993 | Lair:3   | Received a gift from Okawaru
 20994 | Lair:3   | Got a crystal flail {god gift}
 21008 | Lair:3   | Identified the +1 flail of Okawaru {drain, Stlth+} (Okawaru gifted it to you on level 3 of the Lair of Beasts)
 21021 | Lair:3   | Noticed a dire elephant
 21045 | Lair:3   | Killed a dire elephant
 21236 | Lair:4   | Found a frozen archway.
 21251 | Lair:4   | Reached skill level 10 in Armour
 21276 | Lair:4   | Noticed Snorg
 21288 | Lair:4   | Killed Snorg
 21288 | Lair:4   | Reached skill level 7 in Dodging
 21312 | IceCv    | Entered an ice cave
 21345 | IceCv    | Found a transporter.
 21568 | Lair:4   | Noticed Rupert
 21599 | Lair:4   | HP: 9/103 [Rupert/great mace of venom (19)]
 21600 | Lair:4   | Reached skill level 8 in Dodging
 21602 | Lair:4   | Killed Rupert
 21602 | Lair:4   | Received a gift from Okawaru
 21954 | Lair:4   | Noticed Nergalle
 21963 | Lair:4   | Killed Nergalle
 21963 | Lair:4   | Reached skill level 9 in Dodging
 22662 | Lair:4   | Found a staircase to the Swamp.
 23218 | Lair:5   | Reached skill level 10 in Dodging
 23775 | Lair:5   | You are sucked into a shaft!
 23775 | Lair:6   | Entered Level 6 of the Lair of Beasts
 23786 | Lair:6   | Noticed Nessos
 23796 | Lair:6   | Received a gift from Okawaru
 23801 | Lair:6   | HP: 25/103 [Nessos (4)]
 24125 | Lair:6   | Gained mutation: You have very sharp fingernails. [demonic ancestry]
 24125 | Lair:6   | Reached XP level 14. HP: 88/110 MP: 21/21
 24235 | Lair:6   | Received a gift from Okawaru
 24367 | Lair:6   | Killed Nessos
 24374 | Lair:6   | Reached skill level 6 in Throwing
 24703 | Lair:6   | Found the +2 robe of Vines {NoPotionHeal Regen+7}
 25619 | Lair:6   | Reached skill level 11 in Fighting
 25626 | Lair:6   | Received a gift from Okawaru
 25652 | Lair:6   | Reached skill level 7 in Throwing
 25696 | Lair:6   | Learned a level 5 spell: Borgnjor's Vile Clutch
 25954 | Lair:6   | Reached skill level 1 in Necromancy
 26121 | Lair:6   | Got a translucent ivory ring
 26130 | Lair:6   | Identified the ring of Vecs {rF+ Str+6} (You found it on level 6 of the Lair of Beasts)
 26293 | Lair:6   | Found a viscous altar of Jiyva.
 26293 | Lair:6   | Found a staircase to the Slime Pits.
 26587 | D:12     | Found a staircase to the Orcish Mines.
 26832 | D:12     | Found Qucof's Assorted Antiques.
 26889 | D:12     | Reached skill level 2 in Necromancy
 27045 | D:12     | Reached skill level 3 in Necromancy
 27497 | D:12     | HP: 28/114 [meliai/enchanted war axe (6)]
 27503 | D:12     | Reached skill level 4 in Necromancy
 27507 | D:12     | HP: 24/114 [killer bee (2)]
 27827 | D:12     | Reached skill level 8 in Throwing
 28215 | Orc:1    | Entered Level 1 of the Orcish Mines
 28223 | Orc:1    | Noticed whitenoisemaker's ghost (journeyman TrMo)
 28242 | Orc:1    | Killed whitenoisemaker's ghost
 28406 | Orc:2    | Entered Level 2 of the Orcish Mines
 28621 | Orc:2    | Reached skill level 12 in Fighting
 28636 | Orc:2    | Found a staircase to the Elven Halls.
 29030 | Orc:2    | Found a roughly hewn altar of Beogh.
 29136 | Orc:2    | Reached skill level 5 in Necromancy
 29250 | Orc:2    | Found Budeoxt's General Store.
 29492 | Orc:2    | Received a gift from Okawaru
 29494 | Orc:2    | Found Siustut's General Store.
 29886 | Orc:2    | Received a gift from Okawaru
 29956 | Orc:2    | Bought a scroll of fog for 26 gold pieces
 29956 | Orc:2    | Upgraded the game from 0.22-a0-301-gf0fe05c to 0.22-a0-307-g2b15929
 29993 | Orc:2    | Bought the +11 dagger "Haxzierpho" {pain, rF+ Dex+4} for 1071 gold pieces
 29995 | Orc:2    | Identified a scroll of acquirement
 30223 | Orc:2    | Reached XP level 15. HP: 68/121 MP: 22/22
 30534 | Orc:2    | HP: 20/121 [gelid demonspawn/demon whip of electrocution (12)]
 30943 | Orc:2    | Reached skill level 1 in Short Blades
 30975 | Orc:2    | Received a gift from Okawaru
 30985 | Orc:2    | Found Lovixev's Gadget Boutique.
 30985 | Orc:2    | Found Geruocig's Antique Armour Shop.
 30985 | Orc:2    | Found a one-way gate leading to the halls of Pandemonium.
 30987 | Orc:2    | Reached skill level 6 in Necromancy
 31010 | Orc:2    | Bought a bloodstained helmet for 199 gold pieces
 31022 | Orc:2    | Identified the cursed +0 helmet of Zohux {rF++ rN+} (You bought it in a shop on level 2 of the Orcish Mines)
 31027 | Orc:2    | Bought a dazzling ring mail for 189 gold pieces
 31027 | Orc:2    | Bought a dazzling leather armour for 147 gold pieces
 31037 | Orc:2    | Identified the +2 ring mail of Zonakugh {rF+ rC+ rN+} (You bought it in a shop on level 2 of the Orcish Mines)
 31051 | Orc:2    | Identified the cursed +0 leather armour "Vest" {Regen+} (You bought it in a shop on level 2 of the Orcish Mines)
 31159 | D:13     | Received a gift from Okawaru
 31159 | D:13     | Reached skill level 3 in Stealth
 31348 | D:13     | Reached skill level 2 in Short Blades
 31530 | D:13     | Reached skill level 9 in Throwing
 32056 | D:14     | Learned a level 2 spell: Ensorcelled Hibernation
 32209 | D:14     | Reached skill level 1 in Ice Magic
 32210 | D:14     | HP: 30/122 [poisoned by an ogre mage (bolt of poison)]
 32215 | D:14     | HP: 27/122 [poisoned by an ogre mage (bolt of poison)]
 32220 | D:14     | HP: 23/122 [poisoned by an ogre mage (bolt of poison)]
 32226 | D:14     | HP: 22/122 [poisoned by an ogre mage (bolt of poison)]
 32231 | D:14     | HP: 22/122 [poisoned by an ogre mage (bolt of poison)]
 32238 | D:14     | HP: 22/122 [poisoned by an ogre mage (bolt of poison)]
 32246 | D:14     | HP: 22/122 [poisoned by an ogre mage (bolt of poison)]
 32498 | D:14     | Reached skill level 1 in Hexes
 32602 | D:14     | Found a gate to the Vaults.
 32608 | D:14     | Received a gift from Okawaru
 32614 | D:14     | Got a heavily runed shield {god gift}
 32625 | D:14     | Identified the +3 shield of the Sun {Int+2} (Okawaru gifted it to you on level 14 of the Dungeon)
 32655 | D:14     | Reached skill level 4 in Stealth
 32836 | D:14     | Reached skill level 3 in Short Blades
 33144 | D:14     | Noticed Agnes
 33161 | D:14     | Killed Agnes
 33161 | D:14     | Reached skill level 2 in Hexes
 33161 | D:14     | Reached skill level 2 in Ice Magic
 33166 | D:14     | Reached skill level 7 in Necromancy
 33570 | D:15     | Entered Level 15 of the Dungeon
 34587 | D:15     | Received a gift from Okawaru
 34663 | D:15     | Found a staircase to the Depths.
 34663 | D:15     | Noticed a frost giant
 34675 | D:15     | Killed a frost giant
 34675 | D:15     | Reached skill level 5 in Stealth
 34840 | Swamp:1  | Entered Level 1 of the Swamp
 34848 | Swamp:1  | Reached skill level 5 in Shields
 34853 | Lair:4   | HP: 26/122 [poison (poison gas)]
 35170 | Lair:4   | Reached skill level 4 in Short Blades
 36021 | Swamp:1  | Reached XP level 16. HP: 125/129 MP: 23/23
 36034 | Swamp:1  | Reached skill level 13 in Fighting
 36505 | Swamp:1  | Received a gift from Okawaru
 36779 | Swamp:1  | Reached skill level 8 in Necromancy
 37190 | Swamp:2  | HP: 8/130 [very large slime creature (29)]
 37761 | Swamp:2  | Received a gift from Okawaru
 37762 | Swamp:2  | Got a slimy mace {god gift}
 37769 | Swamp:2  | Identified the +11 mace of Classification {crush, Dex+6} (Okawaru gifted it to you on level 2 of the Swamp)
 37945 | Swamp:2  | Reached skill level 10 in Throwing
 38307 | Swamp:2  | Reached skill level 6 in Stealth
 38314 | Swamp:2  | Reached skill level 5 in Short Blades
 39106 | Swamp:3  | Reached skill level 6 in Shields
 39528 | Swamp:3  | Noticed a thorn hunter
 39546 | Swamp:3  | Killed a thorn hunter
 39938 | Swamp:3  | Received a gift from Okawaru
 40116 | Spider:1 | Entered Level 1 of the Spider Nest
 40736 | Spider:1 | Reached skill level 1 in Spellcasting
 40736 | Spider:1 | Reached skill level 9 in Necromancy
 40925 | Spider:1 | HP: 32/131 [jumping spider (4)]
 40931 | Spider:1 | HP: 16/131 [poisoned by a wolf spider]
 40936 | Spider:1 | HP: 15/131 [poisoned by a wolf spider]
 40941 | Spider:1 | HP: 15/131 [poisoned by a wolf spider]
 40949 | Spider:1 | HP: 15/131 [poisoned by a wolf spider]
 41630 | Spider:2 | Noticed Roxanne
 41687 | Spider:2 | HP: 18/131 [Roxanne/crystal spear (38)]
 42057 | Spider:2 | Noticed Nikola
 42308 | Spider:2 | HP: 23/131 [Nikola/rapier of electrocution (14)]
 42309 | Spider:2 | HP: 9/131 [Nikola/chain lightning (15)]
 42314 | Spider:1 | HP: 31/131 [demonic crawler (2)]
 42686 | Spider:2 | HP: 30/131 [entropy weaver (12)]
 42688 | Spider:2 | HP: 12/131 [entropy weaver (4)]
 42693 | Spider:2 | HP: 9/131 [redback (8)]
 42990 | Spider:1 | HP: 31/131 [Nikola/chain lightning (27)]
 42992 | Spider:1 | HP: 6/131 [Nikola/chain lightning (14)]
 42992 | Spider:1 | Killed from afar by Nikola

Vault maps used:
D:1:      arrival_zaba_pyramid
D:2:      kennysheep_the_goblin_king
D:3:      kennysheep_slug_shrine, uniq_ijyb
D:4:      first_ration, uniq_robin, uniq_natasha, uniq_crazy_yiuf_cottage,
          uniq_edmund, uniq_blork_the_orc, uniq_purgy
D:5:      minmay_temple_entry_statues_fountains, serial_shops,
          nicolae_shop_crystal
D:6:      gammafunk_temple_overflow_wave, serial_shops, kennysheep_little_box
D:7:      basic_altar
D:8:      grunt_temple_overflow_cloverleaf, special_room
D:9:      serial_shops, nicolae_shop_trees
D:11:     david_lair_generic, minmay_misc_feat_five,
          hangedman_parallel_progression
D:12:     orc_0_dummy, special_room, serial_shops, nicolae_shop_statue_plus,
          grunt_tough_drop
D:13:     lab_entry_generic, hangedman_pestilent_swarm
D:14:     grunt_vaults_entry_fortified, kennysheep_pointless_box, uniq_agnes
D:15:     grunt_enter_depths_snipers, corexii_hall_statues_i,
          hangedman_abyss_or_decor_stagger, corexii_hall_statues_i
Temple:   lightli_temple_of_artemis
Lair:1:   minmay_lair_oklob_chamber, lemuel_fruit_tree,
          infiniplex_staircase_pool_2, serial_bayou_shore_a, uniq_erica,
          uniq_gastronok, uniq_harold
Lair:2:   grunt_megastairs_1
Lair:3:   mu_elephants_graveyard, spider_nest_entry_webs, minivault_11
Lair:4:   nicolae_swamp_entry_splash_gauntlet, portal_ice_cave_entry_ice_beasts,
          uniq_snorg, uniq_nergalle, uniq_rupert
Lair:6:   evilmike_catoblepas_cave, dpeg_slime_entry_enclosed_altar, uniq_nessos
Swamp:1:  evilmike_swamp_ruin_house_1, infiniplex_staircase_pool
Swamp:2:  evilmike_swamp_ruin_rubble_1, swamp_pool5, hangedman_swamp_ravenous
Swamp:3:  nicolae_swamp_fairy_circle, swamp_pool3
Spider:2: spider_temple_joshua, hangedman_spider_tarantella_strand, uniq_nikola,
          uniq_roxanne
Orc:1:    serial_shops, nicolae_shop_temple_entry_statues_fountains
Orc:2:    pf_orc_diabolical, basic_altar, mines2_lemuel
Lab:      labyrinth_hidden_loot, lab_statue
IceCv:    ice_cave_statue_garden_teleport

Skill      XL: |  1  2  3  4  5  6  7  8  9 10 11 12 13 14 15 16 |
---------------+-------------------------------------------------+-----
Maces & Flails | 3 4 5 6 7 8 10 11 12 | 12.1
Armour         | 1 3 5 9 10 | 10.0
Fighting       | 3 5 7 8 9 10 12 13 | 13.5
Invocations    | 5 6 8 10 | 10.0
Shields        | 3 4 5 6 |  6.4
Throwing       | 3 5 8 9 10 | 10.0
Stealth        | 1 2 5 6 |  6.7
Evocations     | 1 2 |  2.0
Dodging        | 5 10 | 10.0
Necromancy     | 5 7 9 |  9.1
Short Blades   | 4 5 |  5.7
Ice Magic      | 2 |  2.0
Hexes          | 2 |  2.1
Spellcasting   | 1 |  1.5

Action                   |  1- 3 |  4- 6 |  7- 9 | 10-12 | 13-15 | 16-18 || total
-------------------------+-------+-------+-------+-------+-------+-------++-------
Melee: Flail             |   124 |   182 |   425 |   733 |  1257 |   655 ||  3376
       Dagger            |       |       |       |       |    63 |       ||    63
       Demon whip        |       |       |       |       |   617 |       ||   617
 Fire: Hunting sling     |     8 |   127 |   165 |   105 |     4 |       ||   409
Throw: Stone             |     7 |       |       |       |       |       ||     7
       Tomahawk          |     5 |       |       |       |    12 |       ||    17
       Javelin           |       |       |       |       |     3 |       ||     3
Invok: Heroism           |       |       |     2 |     2 |     6 |       ||    10
       Finesse           |       |       |       |     1 |     6 |       ||     7
 Abil: Evoke Invisibilit |       |       |       |     2 |     1 |       ||     3
Evoke: Wand              |       |     5 |     3 |    22 |    20 |       ||    50
       Lightning rod     |       |       |       |       |     6 |       ||     6
       Phial of floods   |       |       |       |       |     1 |       ||     1
       Sack of spiders   |       |       |       |       |       |     5 ||     5
  Use: Potion            |     1 |     4 |       |     3 |     4 |     4 ||    16
       Scroll            |       |     3 |     1 |    18 |    15 |     5 ||    42
 Stab: Distracted        |     1 |     1 |       |     3 |    15 |     3 ||    23
       Sleeping          |     1 |       |       |     1 |     7 |     3 ||    12
       Invisible         |       |       |       |     1 |     1 |       ||     2
  Eat: Chunk             |     3 |    13 |    19 |    23 |    51 |    11 ||   120
       Ration            |       |       |       |     2 |     1 |     3 ||     6
Armor: Leather armour    |    34 |     4 |       |       |       |       ||    38
       Chain mail        |       |    94 |   185 |       |       |       ||   279
       Plate armour      |       |       |   117 |   101 |       |       ||   218
       Ring mail         |       |       |       |   375 |   658 |   290 ||  1323
       Scale mail        |       |       |       |       |    17 |       ||    17
Dodge: Dodged            |    90 |    70 |   146 |   340 |  1183 |   429 ||  2258
       Deflected         |       |       |       |       |    16 |       ||    16
Block: Buckler           |       |       |    14 |   187 |   340 |       ||   541
       Shield            |       |       |       |       |   155 |   487 ||   642

Table legend:
 A = Spawn XP
 B = Non-spawn XP
 C = Spawn XP percentage of total XP
 D = Spawn monster count
 E = Non-spawn monster count
 F = Spawn count percentage of total count
 G = Total turns spent on level
                    A         B        C        D         E        F      G
               +---------+---------+-------+---------+---------+-------+---------
         Total |       0 |  194237 |   0.0 |       0 |     981 |   0.0 | 42992
               +---------+---------+-------+---------+---------+-------+---------
           D:1 |       0 |      74 |   0.0 |       0 |      33 |   0.0 |  1468
           D:2 |       0 |      49 |   0.0 |       0 |      19 |   0.0 |  1267
           D:3 |       0 |     252 |   0.0 |       0 |      32 |   0.0 |  2010
           D:4 |       0 |     525 |   0.0 |       0 |      26 |   0.0 |  1914
           D:5 |       0 |     703 |   0.0 |       0 |      21 |   0.0 |  1058
           D:6 |       0 |     584 |   0.0 |       0 |      15 |   0.0 |   984
           D:7 |       0 |     920 |   0.0 |       0 |      21 |   0.0 |  1383
           D:8 |       0 |    1053 |   0.0 |       0 |      48 |   0.0 |  1257
           D:9 |       0 |    3814 |   0.0 |       0 |      26 |   0.0 |  1223
          D:10 |       0 |    2625 |   0.0 |       0 |      25 |   0.0 |  1178
          D:11 |       0 |    7653 |   0.0 |       0 |      74 |   0.0 |  2587
          D:12 |       0 |   12625 |   0.0 |       0 |      55 |   0.0 |  1570
          D:13 |       0 |    7152 |   0.0 |       0 |      50 |   0.0 |  1239
          D:14 |       0 |   19638 |   0.0 |       0 |      43 |   0.0 |  1574
          D:15 |       0 |   13543 |   0.0 |       0 |      31 |   0.0 |  1145
        Lair:1 |       0 |   10742 |   0.0 |       0 |      45 |   0.0 |  1612
        Lair:2 |       0 |    2496 |   0.0 |       0 |      13 |   0.0 |   974
        Lair:3 |       0 |   11030 |   0.0 |       0 |      39 |   0.0 |  1630
        Lair:4 |       0 |   12160 |   0.0 |       0 |      47 |   0.0 |  2691
        Lair:5 |       0 |    4899 |   0.0 |       0 |      22 |   0.0 |   897
        Lair:6 |       0 |   16527 |   0.0 |       0 |      54 |   0.0 |  2664
       Swamp:1 |       0 |   11665 |   0.0 |       0 |      27 |   0.0 |  1518
       Swamp:2 |       0 |   10762 |   0.0 |       0 |      33 |   0.0 |  1015
       Swamp:3 |       0 |   10961 |   0.0 |       0 |      24 |   0.0 |  1580
      Spider:1 |       0 |    7612 |   0.0 |       0 |      22 |   0.0 |  2385
      Spider:2 |       0 |    3033 |   0.0 |       0 |      11 |   0.0 |   244
         Orc:1 |       0 |    1386 |   0.0 |       0 |      10 |   0.0 |   479
         Orc:2 |       0 |   16065 |   0.0 |       0 |     103 |   0.0 |  2437
           Lab |       0 |    1324 |   0.0 |       0 |       2 |   0.0 |   727
         IceCv |       0 |    2365 |   0.0 |       0 |      10 |   0.0 |   102
               +---------+---------+-------+---------+---------+-------+---------

Vault maps used:
D:1:      arrival_zaba_pyramid
D:2:      kennysheep_the_goblin_king
D:3:      kennysheep_slug_shrine, uniq_ijyb
D:4:      first_ration, uniq_robin, uniq_natasha, uniq_crazy_yiuf_cottage,
          uniq_edmund, uniq_blork_the_orc, uniq_purgy
D:5:      minmay_temple_entry_statues_fountains, serial_shops,
          nicolae_shop_crystal
D:6:      gammafunk_temple_overflow_wave, serial_shops, kennysheep_little_box
D:7:      basic_altar
D:8:      grunt_temple_overflow_cloverleaf, special_room
D:9:      serial_shops, nicolae_shop_trees
D:11:     david_lair_generic, minmay_misc_feat_five,
          hangedman_parallel_progression
D:12:     orc_0_dummy, special_room, serial_shops, nicolae_shop_statue_plus,
          grunt_tough_drop
D:13:     lab_entry_generic, hangedman_pestilent_swarm
D:14:     grunt_vaults_entry_fortified, kennysheep_pointless_box, uniq_agnes
D:15:     grunt_enter_depths_snipers, corexii_hall_statues_i,
          hangedman_abyss_or_decor_stagger, corexii_hall_statues_i
Temple:   lightli_temple_of_artemis
Lair:1:   minmay_lair_oklob_chamber, lemuel_fruit_tree,
          infiniplex_staircase_pool_2, serial_bayou_shore_a, uniq_erica,
          uniq_gastronok, uniq_harold
Lair:2:   grunt_megastairs_1
Lair:3:   mu_elephants_graveyard, spider_nest_entry_webs, minivault_11
Lair:4:   nicolae_swamp_entry_splash_gauntlet, portal_ice_cave_entry_ice_beasts,
          uniq_snorg, uniq_nergalle, uniq_rupert
Lair:6:   evilmike_catoblepas_cave, dpeg_slime_entry_enclosed_altar, uniq_nessos
Swamp:1:  evilmike_swamp_ruin_house_1, infiniplex_staircase_pool
Swamp:2:  evilmike_swamp_ruin_rubble_1, swamp_pool5, hangedman_swamp_ravenous
Swamp:3:  nicolae_swamp_fairy_circle, swamp_pool3
Spider:2: spider_temple_joshua, hangedman_spider_tarantella_strand, uniq_nikola,
          uniq_roxanne
Orc:1:    serial_shops, nicolae_shop_temple_entry_statues_fountains
Orc:2:    pf_orc_diabolical, basic_altar, mines2_lemuel
Lab:      labyrinth_hidden_loot, lab_statue
IceCv:    ice_cave_statue_garden_teleport

Table legend:
 A = Turns spent in this place as a percentage of turns spent in the entire game.
 B = Non-inter-level travel turns spent in this place as a percentage of non-inter-level travel turns spent in the entire game.
 C = Inter-level travel turns spent in this place as a percentage of turns spent in this place.
 D = Turns resting spent in this place as a percentage of non-inter-level travel turns spent in this place.
 E = Turns spent auto-exploring this place as a percentage of non-inter-level travel turns spent in this place.
 F = Non-inter-level travel turns spent in this place divided by the number of levels of this place that you've seen.
                   A       B       C       D       E      F
               +-------+-------+-------+-------+-------+----------------------
         Total | 100.0 | 100.0 |   3.8 |  33.2 |  39.8 | 1333.9
       Dungeon |  50.8 |  51.1 |   3.4 |  26.3 |  47.6 | 1407.8
        Temple |   0.4 |   0.4 |  18.3 |   0.0 |  59.2 | 147.0
          Lair |  24.3 |  23.9 |   5.4 |  36.9 |  38.3 | 1650.3
         Swamp |   9.6 |   9.6 |   3.3 |  47.2 |  31.8 | 1325.7
   Spider Nest |   6.1 |   6.1 |   3.4 |  58.7 |  24.1 | 1269.5
  Orcish Mines |   6.8 |   6.9 |   2.6 |  35.7 |  23.7 | 1420.5
     Labyrinth |   1.7 |   1.8 |   0.0 |  19.1 |   0.0 | 727.0
      Ice Cave |   0.2 |   0.2 |   0.0 |   0.0 |   0.0 | 102.0
               +-------+-------+-------+-------+-------+----------------------

Table legend:
 A = Kills in this place as a percentage of kills in entire the game.
 B = Kills by you in this place as a percentage of kills by you in the entire game.
 C = Kills by friends in this place as a percentage of kills by friends in the entire game.
 D = Other kills in this place as a percentage of other kills in the entire game.
 E = Experience gained in this place as a percentage of experience gained in the entire game.
 F = Experience gained in this place divided by the number of levels of this place that you have seen.
                   A       B       C       D       E      F
               +-------+-------+-------+-------+-------+----------------------
         Total | 100.0 | 100.0 | 100.0 | 100.0 | 100.0 | 6265.7
       Dungeon |  52.9 |  56.0 |  35.5 |   0.0 |  36.7 | 4747.3
          Lair |  22.4 |  19.8 |  36.9 | 100.0 |  29.8 | 9642.3
         Swamp |   8.6 |   9.1 |   5.7 |   0.0 |  17.2 | 11129.3
   Spider Nest |   3.4 |   2.7 |   7.1 |   0.0 |   5.5 | 5322.5
  Orcish Mines |  11.5 |  11.2 |  13.5 |   0.0 |   9.0 | 8725.5
     Labyrinth |   0.2 |   0.1 |   0.7 |   0.0 |   0.7 | 1324.0
      Ice Cave |   1.0 |   1.1 |   0.7 |   0.0 |   1.2 | 2365.0
               +-------+-------+-------+-------+-------+----------------------
